 Dungeon Crawl Stone Soup version 0.29.1-1-gd02db6906a (webtiles) character file.

Game seed: 6704351534837703838

368 Sabo the Magician (level 6, -4/28 HPs)
             Began as a Deep Elf Air Elementalist on Oct 8, 2022.
             Was a Priest of Hepliaklqana.
             Slain by Pikel
             ... wielding a +1 whip of electrocution
              (12 damage)
             ... on level 4 of the Dungeon.
             The game lasted 00:31:41 (5155 turns).

Sabo the Magician (Deep Elf Air Elementalist)       Turns: 5155, Time: 00:31:42

Health: -4/28      AC:  4    Str:  5    XL:     6   Next: 41%
Magic:  5/16       EV: 13    Int: 34    God:    Hepliaklqana [***...]
Gold:   152        SH:  0    Dex: 15    Spells: 11/15 levels left

rFire   . . .      SeeInvis .   j - staff of air
rCold   . . .      Faith    .   (no shield)
rNeg    . . .      Spirit   .   a - +0 robe
rPois   .          Reflect  .   (no helmet)
rElec   +          Harm     .   g - +0 cloak
rCorr   .          Rampage  .   (no gloves)
Will    .....                   s - +0 pair of boots
Stlth   ++........              (no amulet)
HPRegen 0.09/turn               m - +6 ring of intelligence
MPRegen 0.15/turn               n - +6 ring of intelligence

@: no status effects
A: reduced essence
a: Renounce Religion, Recall Ancestor, Ancestor Identity, Transference


You were on level 4 of the Dungeon.
You worshipped Hepliaklqana.
Hepliaklqana was most pleased with you.
You visited 1 branch of the dungeon, and saw 4 of its levels.

You collected 152 gold pieces.

Inventory:

Hand Weapons
 o - a +3 whip of electrocution
 B - a +1 hand axe of venom
 C - a +0 short sword of venom
Missiles
 i - 10 poisoned darts (quivered)
 v - 10 boomerangs
 z - 6 atropa-tipped darts
Armour
 a - a +0 robe (worn)
 g - a +0 cloak (worn)
 r - a +2 leather armour of poison resistance
 s - a +0 pair of boots (worn)
Magical Staves
 j - a staff of air (weapon)
Jewellery
 m - a +6 ring of intelligence (left hand)
 n - a +6 ring of intelligence (right hand)
Wands
 q - a wand of flame (16)
 y - a wand of iceblast (8)
Scrolls
 d - a scroll of silence
 e - a scroll of magic mapping
 f - a scroll of poison
 h - 2 scrolls of amnesia
 l - a scroll of immolation {unknown}
 p - a scroll of brand weapon {unknown}
 t - a scroll of fear {unknown}
 x - a scroll of teleportation {unknown}
 A - a scroll of blinking {unknown}
Potions
 b - a potion of magic
 c - 4 potions of invisibility {unknown}
 k - a potion of attraction {unknown}
 u - 3 potions of curing {unknown}
 w - a potion of flight {unknown}
 D - a potion of might {unknown}


   Skills:
 + Level 0.3 Fighting
 + Level 0.1 Maces & Flails
 + Level 0.3(0.4) Staves
 + Level 3.2 Dodging
 + Level 3.0 Stealth
 + Level 5.4 Spellcasting
 + Level 3.7 Conjurations
 + Level 4.6 Air Magic


You had 11 spell levels left.
You knew the following spells:

 Your Spells              Type           Power      Damage    Failure   Level
a - Shock                 Conj/Air       100%       1d9       1%          1
b - Gell's Gravitas       Tloc           9%         N/A       13%         3

Your spell library contained the following spells:

 Spells                   Type           Power      Damage    Failure   Level
 Static Discharge         Conj/Air       54%        3-10/arc  1%          2
 Swiftness                Air            57%        N/A       1%          3
 Airstrike                Air            28%        2d(5-21)  6%          4
 Teleport Other           Tloc           9%         N/A       13%         3
 Dispersal                Tloc           4%         N/A       100%        6
 Chain Lightning          Conj/Air       27%        3d36      100%        9
 Fire Storm               Conj/Fire      11%        8d3       100%        9
 Shatter                  Erth           4%         3d8*      100%        9


Dungeon Overview and Level Annotations

Branches:
Dungeon (4/15)             Temple (0/1) D:4

Altars:
Ashenzari
Hepliaklqana
Okawaru
Zin

Annotations:
D:4 Pikel


Message History

Confirm with . or Enter, or press ? or * to list all spells.
Aiming: Shock (safe; 1% risk of failure)
Press: ? - help, Shift-Dir - straight line, f/p - Pikel
Aim: Pikel, wielding a +1 whip of electrocution and wearing a +0 robe (moderately wounded, unusually resistant, ally target, 67% to hit)
You feel a surge of power!
The zap misses Pikel.
The zap misses the lemure.
The lemure hits Akhenaten.
Pikel hits you but does no damage.
Akhenaten hits the lemure with a +0 flail!
Casting: Shock (safe; 1% risk of failure)
Confirm with . or Enter, or press ? or * to list all spells.
Aiming: Shock (safe; 1% risk of failure)
Press: ? - help, Shift-Dir - straight line, f/p - Pikel
Aim: Pikel, wielding a +1 whip of electrocution and wearing a +0 robe (moderately wounded, unusually resistant, 67% to hit)
You feel a surge of power!
The zap hits Pikel.
Pikel completely resists.
Pikel is moderately wounded.
The zap misses the lemure.
Pikel hits you with a +1 whip of electrocution.
The lemure hits Akhenaten but does no damage.
Akhenaten hits the lemure with a +0 flail.
Casting: Shock (safe; 1% risk of failure)
Confirm with . or Enter, or press ? or * to list all spells.
Aiming: Shock (safe; 1% risk of failure)
Press: ? - help, Shift-Dir - straight line, f/p - Pikel
Aim: Pikel, wielding a +1 whip of electrocution and wearing a +0 robe (moderately wounded, unusually resistant, 67% to hit)
You feel a surge of power!
The zap hits Pikel.
Pikel resists.
Pikel is moderately wounded.
The zap hits the lemure.
You kill the lemure!
That felt strangely unrewarding.
Akhenaten blocks the lemure's attack.
Pikel hits you with a +1 whip of electrocution.
* * * LOW HITPOINT WARNING * * *
Akhenaten closely misses the lemure.
Casting: Shock (safe; 1% risk of failure)
Confirm with . or Enter, or press ? or * to list all spells.
Aiming: Shock (safe; 1% risk of failure)
Press: ? - help, Shift-Dir - straight line, f/p - Pikel
Aim: Pikel, wielding a +1 whip of electrocution and wearing a +0 robe (moderately wounded, unusually resistant, 67% to hit)
You feel a surge of power!
The zap hits Pikel.
Pikel resists.
Pikel is moderately wounded.
Pikel hits you with a +1 whip of electrocution!
You die...

......# ####.##### ...##.####
...... #.##... .........######
..... #.##.## ..............#
.... #.##.## .#.##....# #.# ...#
#...... .#.##..>.####.# ...#
##)..## ...........##.# 5..#
#.......
.........#.##.###K5.#####..#..##.
..#.#...##.†....@R........###....
........................## .##..
..#.#..#.#.............#. ## .#.
.†#.#..#.########...#.#..# #..#
.......#.# #...#.#.#.###?#.#
.##.#..#.# #...##.#.#...#.#.
.##.#..#.# #...##.#.#.>.#.#.
†........########...##.#.#...#.#.
.####.###.......#...#.#.#.###.#.#


You could see the friendly Akhenaten the knight, Pikel (resistant) and 2
lemures.

Vanquished Creatures
  2 lemures (D:4)
  Ijyb (D:3)
  Terence (D:2)
  3 adders
  3 worms
  A dart slug (D:4)
  4 orcs
  2 ball pythons
  5 bats (D:1)
  2 endoplasms
  4 giant cockroaches
  5 goblins
  7 hobgoblins
  11 jackals
  4 quokkas
  4 frilled lizards
  7 kobolds
  7 rats
73 creatures vanquished.

Vanquished Creatures (collateral kills)
  A scorpion (D:4)
  A hound (D:4)
  A jelly (D:4)
  Jessica (D:2)
  5 adders
  A worm (D:4)
  2 orcs (D:4)
  A ball python (D:1)
  A goblin (D:4)
  A jackal (D:2)
  A frilled lizard (D:1)
16 creatures vanquished.

Vanquished Creatures (others)
  An ancestor (D:2)
  8 plants (D:2)
9 creatures vanquished.

Grand Total: 98 creatures vanquished

Notes
Turn   | Place    | Note
-------+----------+-------------------------------------------
     0 | D:1      | Sabo the Deep Elf Air Elementalist began the quest for the
                  | Orb.
     0 | D:1      | Reached XP level 1. HP: 10/10 MP: 6/6
   224 | D:1      | Found a faded altar of an unknown god.
   273 | D:1      | Prayed at the altar of an unknown god.
   273 | D:1      | Became a worshipper of Hepliaklqana the Forgotten
   273 | D:1      | Reached * piety under Hepliaklqana
   326 | D:1      | Reached XP level 2. HP: 13/13 MP: 4/8
  1135 | D:1      | Reached XP level 3. HP: 17/17 MP: 9/9
  1222 | D:2      | Noticed Terence
  1240 | D:2      | Killed Terence
  1686 | D:2      | Reached XP level 4. HP: 21/21 MP: 8/11
  1954 | D:2      | Reached ** piety under Hepliaklqana
  1955 | D:2      | Remembered your ancestor Akhenaten as a knight
  2181 | D:2      | Reached skill level 4 in Spellcasting
  2543 | D:2      | Noticed Jessica
  2547 | D:2      | Killed Jessica
  2939 | D:2      | Learned a level 3 spell: Gell's Gravitas
  3004 | D:3      | Found an iron altar of Okawaru.
  3007 | D:3      | Noticed Ijyb
  3015 | D:3      | Killed Ijyb
  3016 | D:3      | Reached XP level 5. HP: 4/25 MP: 6/13
  4214 | D:4      | Found a glowing silver altar of Zin.
  4440 | D:4      | Reached XP level 6. HP: 28/28 MP: 4/15
  4599 | D:4      | Found a staircase to the Ecumenical Temple.
  4638 | D:4      | Reached skill level 5 in Spellcasting
  4657 | D:4      | Found a broken altar of Ashenzari.
  4704 | D:4      | Reached *** piety under Hepliaklqana
  5143 | D:4      | Noticed Pikel
  5155 | D:4      | Slain by Pikel

Illustrated notes

Levels and vault maps discovered:
D:1:      dpeg_arrival_windows_large_door, layout_loops_ring,
          basic_ecumenical_altar
D:2:      layout_loops_corners, serial_bayou_crossing, uniq_jessica,
          uniq_terence
D:3:      layout_rooms, overflow_temple_1_default, minivault_23, uniq_ijyb
D:4:      layout_loops_cross, ashenzari_altar_1,
          mainiacjoe_overflow_surrounded_room, marbit_many_paths,
          minmay_temple_entry_steel_oval, gammafunk_ghost_grave, uniq_pikel

Skill      XL: |  1  2  3  4  5  6 |
---------------+-------------------+-----
Conjurations   | 2 3 |  3.7
Air Magic      | 4 |  4.6
Spellcasting   | 4 5 |  5.4
Dodging        | 3 |  3.2
Stealth        | 3 |  3.0
Fighting       | |  0.3
Maces & Flails | |  0.1
Staves         | |  0.3

Action                   |  1- 3 |  4- 6 || total
-------------------------+-------+-------++-------
Melee: Dagger            |     1 |       ||     1
       Staff             |     9 |    12 ||    21
       Punch             |     1 |       ||     1
       Whip              |       |     6 ||     6
 Cast: Shock             |    64 |   109 ||   173
Invok: Ancestor Life: Kn |       |     1 ||     1
  Use: Scroll            |     2 |     4 ||     6
 Stab: Distracted        |       |     1 ||     1
Armor: Robe              |     9 |    11 ||    20
Dodge: Dodged            |    29 |    26 ||    55
